cohdb
Replays
Latest Replays
All Replays
Popular Replays
Top Player Replays
Match Explorer
How It Works
Community
CoH3 Stats
Reddit
Sign in to upload your games and track your stats! →
Sign in with Steam
Match 43311186
Unlisted
Match 43311186
Overview
Messages
Build Orders
End
Pioneer Squad
Pioneer Squad
Construct Infanterie Kompanie
Grenadier Squad
Grenadier Squad
MG 42 Machine Gun Team
Infanterie Officer Quarters
Construct Luftwaffe Kompanie
Flak 30 Anti-aircraft Gun Team
Selects Italian Coastal Battlegroup
Selects Designate Defensive Line
Selects Rapid Fortifications
221 Scout Car
Rapid Fortifications
Designate Defensive Line
Medical Bunker
221 Scout Car
Selects Coastal Reserves
Selects Artillery Officer
Artillery Officer
Designate Defensive Line
Support Elements
Marder III M Tank Destroyer
Jäger Squad
Jäger Squad
Selects Obice da 210/22 Artillery Emplacement
Rapid Fortifications
Medical Bunker
BlindDeafOrphan
woof_raff
0
0
Comments
sign in to comment!
No comments posted yet!